[Event "*** Titled Tuesday Blitz"]
[Site "Chess.com"]
[Date "2018.06.05"]
[Round "8"]
[White "leoo2001"]
[Black "Raja3401"]
[Result "0-1"]
[WhiteElo "2286"]
[BlackElo "2409"]
[TimeControl "180+2"]
[EndTime "14:54:51 PDT"]
[Termination "Raja3401 won by checkmate"]

1. e4 c5 2. Nf3 d6 3. Nc3 Nf6 4. d4 cxd4 5. Nxd4 a6 6. Bg5 e6 7. f4 Qb6 8. Nb3 h6 9. Bxf6 gxf6 10. Qd2 Bd7 11. O-O-O Nc6 12. Be2 h5 13. Kb1 O-O-O 14. Qe1 h4 15. Bg4 Kb8 16. Bh3 Na5 17. Rf1 Nc4 18.
Rf3 Rc8 19. f5 Bh6 20. fxe6 fxe6 21. Rxf6 Bg7 22. Rf7 Na3+ 23. Kc1 Bh6+ 24. Rd2 Rxc3 25. bxa3 Ba4 26. Kb2 Bxd2 27. Qxd2 Rhc8 28. Bxe6 Rxc2+ 29. Qxc2 Rxc2+ 30. Kxc2 Qc6+ 31. Kd3 Bb5+ 32. Kd2 Qxe4 33. Re7 Qxg2+ 34. Kc3 Qxh2 35. Nd4 Qg3+ 36. Kb4 Qe1+ 37.
Kb3 Qb1+ 38. Kc3 Qd3+ 39. Kb2 Qxd4+ 40. Kb3 Ba4# 0-1

[Event "*** Titled Tuesday Blitz"]
[Site "Chess.com"]
[Date "2018.06.05"]
[Round "8"]
[White "tan275"]
[Black "LuisFSiles"]
[Result "0-1"]
[WhiteElo "1971"]
[BlackElo "2139"]
[TimeControl "180+2"]
[EndTime "14:54:52 PDT"]
[Termination "LuisFSiles won by checkmate"]

1. d4 Nf6 2. c4 g6 3. Nc3 Bg7 4.
g3 O-O 5. Bg2 d6 6. Nf3 c6 7.
O-O Qa5 8. e4 e5 9. d5 cxd5 10.
cxd5 Bd7 11. Bg5 h6 12. Bd2 Rc8 13. Qb3 b5 14. Rac1 Na6 15. Qd1 b4 16. Nb1 Nxe4 17. Qe2 f5 18. a3 Bb5 19. Qe1 Nxd2 20. Qxd2 Bxf1 21. Bxf1 Rxc1 22. Qxc1 bxa3 23. Nxa3 Nc5 24. Nc4 Qc7 25. Qa1 Ne4 26. Qa6 Qc5 27. Bg2 Qxf2+ 28.
Kh1 Qc5 29. Qb7 Nf2+ 30. Kg1 Nh3+ 31. Kh1 Qg1+ 32. Nxg1 Nf2# 0-1

[Event "*** Titled Tuesday Blitz"]
[Site "Chess.com"]
[Date "2018.06.05"]
[Round "8"]
[White "RiskyDecision"]
[Black "rasmussvane"]
[Result "1-0"]
[WhiteElo "2522"]
[BlackElo "2555"]
[TimeControl "180+2"]
[EndTime "14:55:01 PDT"]
[Termination "RiskyDecision won by resignation"]

1. d4 d5 2. c4 c6 3. cxd5 cxd5 4. Bf4 Nc6 5. e3 Nf6 6. Nc3 Bf5 7. Qb3 Na5 8. Qa4+ Bd7 9. Qc2 e6 10. Bd3 Be7 11.
h3 Ne4 12. Nge2 f5 13. O-O O-O 14. f3 Nf6 15. e4 dxe4 16. fxe4 fxe4 17. Nxe4 Nd5 18.
Bd2 Rc8 19. Nc5 Nf6 20. b4 Nc6 21. Qb3 Bxc5 22. dxc5 Ne5 23. Bc2 Bb5 24. Qxe6+ Nf7 25.
Bc3 Qd5 26. Rxf6 Qg5 27. Rxf7 1-0

[Event "*** Titled Tuesday Blitz"]
[Site "Chess.com"]
[Date "2018.06.05"]
[Round "8"]
[White "dawtonlms"]
[Black "Vamostodorecto"]
[Result "0-1"]
[WhiteElo "2380"]
[BlackElo "2347"]
[TimeControl "180+2"]
[EndTime "14:55:09 PDT"]
[Termination "Vamostodorecto won by resignation"]

1. e4 e5 2. Nf3 Nc6 3. d4 exd4 4. Bc4 Nf6 5. e5 d5 6. Bb5 Ne4 7. Nxd4 Bc5 8. Be3 O-O 9. Nxc6 bxc6 10. Bxc6 Bxe3 11. O-O Nxf2 12. Rxf2 Qh4 13. Qf3 Bxf2+ 14. Qxf2 Qxf2+ 15. Kxf2 Rb8 16. b3 Be6 17. Nd2 Rb6 18. Ba4 f6 19. exf6 Rxf6+ 20. Nf3 Bf5 21. Rd1 Be4 22. Ke3 Bxf3 23. gxf3 Rbe6+ 24. Kf2 c6 25. c4 dxc4 26. bxc4 Rd6 27. Re1 Rd2+ 28. Kg3 Rxa2 29.
Bb3 Ra3 30. Rb1 a5 31. c5+ Kf8 32. Kg4 g6 33. Bd1 Kg7 34. Rb7+ Rf7 35. Rb6 Rc7 36.
Bc2 Rc3 37. Be4 Rxc5 38. Ra6 h5+ 39. Kf4 Rf7+ 40. Kg3 Rf6 41. Rxa5 Rxa5 0-1

[Event "*** Titled Tuesday Blitz"]
[Site "Chess.com"]
[Date "2018.06.05"]
[Round "8"]
[White "lionheart95"]
[Black "Litti"]
[Result "1-0"]
[WhiteElo "2398"]
[BlackElo "2323"]
[TimeControl "180+2"]
[EndTime "14:55:14 PDT"]
[Termination "lionheart95 won by resignation"]

1. e4 c5 2. Nf3 e6 3. d4 cxd4 4. Nxd4 Nf6 5. Nc3 Nc6 6. Ndb5 Bb4 7. Bf4 Nxe4 8. Bd3 Nxc3 9. bxc3 Ba5 10. Qh5 Qf6 11. Bd2 g6 12. Qh6 d5 13. O-O a6 14.
Nd6+ Kd7 15. Bg5 Qxc3 16. Nxf7 Kc7 17. Nxh8 Qxh8 18. c4 Bd7 19. cxd5 exd5 20. Bf4+ Kb6 21. Rab1+ Ka7 22. Qg5 Rf8 23. Qxd5 Rxf4 24. Qxd7 Bb6 25.
Be2 Nd4 26. Bxa6 Kxa6 27. Rxb6+ Kxb6 28. Rb1+ Kc5 29. Qc7+ Kd5 30. Qxb7+ Nc6 31. Qd7+ Kc5 32. Rc1+ Kb4 33. Qd6+ Ka5 34. Qxf4 Nb4 35. a3 Nd3 36. Qd2+ Ka6 37. Qxd3+ 1-0

[Event "*** Titled Tuesday Blitz"]
[Site "Chess.com"]
[Date "2018.06.05"]
[Round "8"]
[White "hansen"]
[Black "Anton_Demchenko"]
[Result "1-0"]
[WhiteElo "2780"]
[BlackElo "2760"]
[TimeControl "180+2"]
[EndTime "14:55:15 PDT"]
[Termination "hansen won by resignation"]

1. e4 c5 2. Nf3 d6 3. d4 cxd4 4. Nxd4 Nf6 5. Nc3 Nc6 6. Bg5 e6 7. Qd2 a6 8. O-O-O Bd7 9. h4 h6 10. Be3 Ng4 11. Nxc6 bxc6 12. Bf4 e5 13. Bg3 Be7 14. Be2 Qb6 15. f3 Nf6 16. f4 O-O 17. fxe5 dxe5 18. Bxe5 Be6 19. Qf4 Nd7 20. Bd4 Qa5 21.
Bg4 Bxg4 22. Qxg4 Ne5 23. Qf5 Bd6 24. g4 Rab8 25. g5 h5 26. g6 Rxb2 27. Kxb2 Nc4+ 28. Ka1 Qa3 29. Rb1 Bc5 30. Qxc5 1-0

[Event "*** Titled Tuesday Blitz"]
[Site "Chess.com"]
[Date "2018.06.05"]
[Round "8"]
[White "NormWeinstein"]
[Black "HanSchut"]
[Result "0-1"]
[WhiteElo "2375"]
[BlackElo "2275"]
[TimeControl "180+2"]
[EndTime "14:55:20 PDT"]
[Termination "HanSchut won on time"]

1. e4 c5 2. Nf3 d6 3. Nc3 Nf6 4. e5 dxe5 5. Nxe5 Nfd7 6. Nf3 Nc6 7. Bb5 Ndb8 8. O-O a6 9. Be2 e5 10. Bc4 Be7 11. d3 O-O 12. Re1 Bg4 13. h3 Bxf3 14.
Qxf3 Bg5 15. Bd5 Nd4 16. Qg3 Bf4 17. Bxf4 exf4 18. Qxf4 Nxc2 19. Bxb7 Ra7 20. Bd5 Nxa1 21. Rxa1 Nd7 22. Bc4 Nf6 23. Ne4 Nxe4 24. Qxe4 Qf6 25.
Rb1 Re7 26. Qg4 Rfe8 27. b4 cxb4 28. Rxb4 Re1+ 29. Kh2 Qd6+ 30. g3 Qc6 0-1

[Event "*** Titled Tuesday Blitz"]
[Site "Chess.com"]
[Date "2018.06.05"]
[Round "8"]
[White "nOcHeaTiNgKiD"]
[Black "UNDERTAKER2001"]
[Result "0-1"]
[WhiteElo "2334"]
[BlackElo "2362"]
[TimeControl "180+2"]
[EndTime "14:55:20 PDT"]
[Termination "UNDERTAKER2001 won by resignation"]

1. d4 d5 2. c4 c6 3. cxd5 cxd5 4. Bf4 Nc6 5. e3 Nf6 6. Nc3 a6 7. Bd3 Bg4 8. Nge2 e6 9. O-O Bd6 10. f3 Bh5 11. Rc1 O-O 12. a3 e5 13. Bg5 exd4 14. Nxd4 Nxd4 15. exd4 Rc8 16. Qd2 Bb8 17. Bf5 Rc4 18. Bd3 Rxd4 19. Bxh7+ Nxh7 20. Qxd4 Qxg5 21. Qxd5 Qh4 22. g3 Bxg3 23. hxg3 Qxg3+ 24. Kh1 Ng5 25. f4 Bf3+ 26. Rxf3 Nxf3 27. Qh5 Re8 28. Ne4 Qxf4 29. Rf1 Rxe4 30. Rxf3 Qh4+ 31. Qxh4 Rxh4+ 32. Kg2 Rc4 33.
Kg3 f6 34. Rb3 b5 0-1

[Event "*** Titled Tuesday Blitz"]
[Site "Chess.com"]
[Date "2018.06.05"]
[Round "8"]
[White "kleinebeer98"]
[Black "maximlavrov"]
[Result "0-1"]
[WhiteElo "2478"]
[BlackElo "2489"]
[TimeControl "180+2"]
[EndTime "14:55:24 PDT"]
[Termination "maximlavrov won by resignation"]

1. e4 g6 2. d4 Bg7 3. Nc3 d6 4. h4 a6 5. h5 b5 6. h6 Bf8 7. Nf3 Bb7 8. Bd3 Nd7 9. Bg5 Ngf6 10. Qe2 e5 11. O-O-O Be7 12. Kb1 exd4 13. Nxd4 c5 14.
Ndxb5 axb5 15. e5 Nxe5 16. Bxb5+ Kf8 17. Rhe1 Nh5 18. Bc1 Bxg2 19. Qe3 g5 20. Nd5 Bxd5 21.
Rxd5 Nf4 22. Rxe5 dxe5 23. Qxe5 Rg8 24. Bc4 Qd6 25. Qf5 Qg6 26. Qd7 Ne6 27. Bxe6 fxe6 28.
Rxe6 Qf7 29. Qc6 Rd8 30. Qe4 Rg6 31. Re5 Rxh6 32. b3 c4 33. Bb2 Rd1+ 34. Bc1 Rhh1 35. Qa8+ Kg7 0-1

[Event "*** Titled Tuesday Blitz"]
[Site "Chess.com"]
[Date "2018.06.05"]
[Round "8"]
[White "Jooonaaas1996"]
[Black "Morshynska"]
[Result "1-0"]
[WhiteElo "2305"]
[BlackElo "2214"]
[TimeControl "180+2"]
[EndTime "14:55:24 PDT"]
[Termination "Jooonaaas1996 won by resignation"]

1. e4 e5 2. Nf3 Nc6 3. Bb5 a6 4. Ba4 Nf6 5. O-O b5 6. Bb3 Bb7 7. Re1 Bc5 8. d3 h6 9. a3 O-O 10. Nc3 Nd4 11. Ba2 Re8 12. Be3 Nxf3+ 13. Qxf3 Qe7 14.
Qg3 Bxe3 15. fxe3 d6 16. Rf1 Bc8 17. Nd5 Nxd5 18. Bxd5 Be6 19. Bxa8 Rxa8 20. a4 b4 21.
b3 a5 22. Rad1 Ra6 23. Rf2 Rc6 24. d4 Rc3 25. dxe5 dxe5 26. Qxe5 Rxe3 27. Qd4 Qg5 28. Qd8+ Qxd8 29. Rxd8+ Kh7 30. Rd1 Rxe4 31. h3 Re5 32.
Kf1 h5 33. Re2 Rc5 34. Rd4 Kg6 35. Ke1 Bf5 36. Rc4 Rxc4 37. bxc4 Be6 38. Re5 Bxc4 39.
Rxa5 c6 40. Rc5 Bd5 41. Rxd5 cxd5 42. a5 1-0

[Event "*** Titled Tuesday Blitz"]
[Site "Chess.com"]
[Date "2018.06.05"]
[Round "8"]
[White "saikrishnaReturns"]
[Black "AlexanderKing"]
[Result "1/2-1/2"]
[WhiteElo "2631"]
[BlackElo "2474"]
[TimeControl "180+2"]
[EndTime "14:55:28 PDT"]
[Termination "Game drawn by repetition"]

1. e4 e6 2. d3 d5 3. Nd2 Nf6 4. Ngf3 c5 5. g3 Nc6 6. Bg2 g6 7. O-O Bg7 8. Re1 O-O 9. Qe2 b6 10. Nf1 e5 11. Ne3 dxe4 12. dxe4 Nd4 13. Nxd4 cxd4 14. Nc4 Ba6 15. b3 Rc8 16. Bf1 Qc7 17. Ba3 Rfd8 18. Qf3 b5 19. Nb2 Qxc2 20. Nd3 Qc7 21.
Rec1 Qb6 22. Bc5 Qe6 23. Bxa7 Bb7 24. Nc5 Rxc5 25. Bxc5 Bxe4 26. Qe2 Bc6 27. Bb6 Rb8 28. Bc7 Re8 29. Bg2 Bxg2 30. Kxg2 Qd5+ 31. Kg1 e4 32.
Bb6 e3 33. Rc5 Qd7 34. fxe3 dxe3 35. Qxb5 Qd2 36. Re5 Rxe5 37. Qxe5 Qf2+ 38. Kh1 Qf3+ 39.
Kg1 Qf2+ 40. Kh1 Qf3+ 41. Kg1 Qf2+ 1/2-1/2

[Event "*** Titled Tuesday Blitz"]
[Site "Chess.com"]
[Date "2018.06.05"]
[Round "8"]
[White "VovenRogel"]
[Black "attack2mateU"]
[Result "1/2-1/2"]
[WhiteElo "2633"]
[BlackElo "2686"]
[TimeControl "180+2"]
[EndTime "14:55:36 PDT"]
[Termination "Game drawn by agreement"]

1. d4 Nf6 2. c4 e6 3. Nf3 b6 4. g3 Ba6 5. b3 Bb4+ 6. Bd2 Be7 7. Nc3 O-O 8. e4 d5 9. cxd5 Bxf1 10.
Kxf1 exd5 11. e5 Ne4 12. Kg2 Nc6 13. Re1 Nxc3 14. Bxc3 Qd7 15. Rc1 Nd8 16. Qd3 a5 17.
Bd2 Ne6 18. h4 c5 19. Bg5 cxd4 20. Bxe7 Qxe7 21. Nxd4 Nxd4 22. Qxd4 Qe6 23. Rc7 Rfe8 24. a4 h6 25. Rb7 Rab8 26. Rxb8 Rxb8 27. Rc1 Re8 28. f4 f6 29. Re1 Qc6 30. Kh3 Qc8+ 31. Kg2 Qc2+ 32. Kh3 Qxb3 33. Re3 Qc4 34. Qxb6 d4 35.
Re1 Qd5 36. Qb5 Qxb5 37. axb5 fxe5 38. fxe5 Rb8 39. e6 Kf8 40. Re4 Rxb5 41. Rxd4 Rb7 42. Rd8+ Ke7 43. Ra8 Rb5 44. Ra6 h5 45. Kg2 Rf5 46.
g4 hxg4 47. Kg3 Re5 48. Kxg4 Rxe6 49. Rxa5 Kf6 1/2-1/2

[Event "*** Titled Tuesday Blitz"]
[Site "Chess.com"]
[Date "2018.06.05"]
[Round "8"]
[White "Swarnapuri"]
[Black "Last7Samurai"]
[Result "1/2-1/2"]
[WhiteElo "2477"]
[BlackElo "2689"]
[TimeControl "180+2"]
[EndTime "14:55:36 PDT"]
[Termination "Game drawn by agreement"]

1. d4 d5 2. Bf4 Nf6 3. e3 e6 4. Nd2 c5 5. c3 Bd6 6. Bg3 O-O 7. Ngf3 Qc7 8. Bxd6 Qxd6 9. Ne5 b6 10. Bd3 Ba6 11.
Bxa6 Nxa6 12. O-O Nb8 13. f4 Nc6 14. g4 Nd7 15. g5 f6 16. gxf6 gxf6 17. Nxc6 Qxc6 18.
Kh1 Kh8 19. Qh5 Qd6 20. Rf3 f5 21. Rg1 Qe7 22. Rfg3 Nf6 23. Qh4 Rf7 24. Qg5 Ng4 25. Nf3 Qxg5 26. Nxg5 Re7 27. h3 Nf2+ 28. Kg2 Ne4 29.
Nxe4 dxe4 30. Rd1 Rd8 31. Kf2 cxd4 32. Rxd4 Rxd4 33. exd4 b5 34. Ke3 Rg7 35. Rxg7 Kxg7 36. b3 Kf7 37. c4 b4 38. c5 1/2-1/2

[Event "*** Titled Tuesday Blitz"]
[Site "Chess.com"]
[Date "2018.06.05"]
[Round "8"]
[White "ChessicallyInclined"]
[Black "Albertu"]
[Result "1-0"]
[WhiteElo "2254"]
[BlackElo "2317"]
[TimeControl "180+2"]
[EndTime "14:55:36 PDT"]
[Termination "ChessicallyInclined won by checkmate"]

1. d4 b5 2. e4 a6 3. a4 Bb7 4. Bd3 Nf6 5. Nd2 b4 6. Ngf3 d5 7. e5 Ne4 8. Qe2 c5 9. Nxe4 dxe4 10. Bxe4 Nc6 11. dxc5 e6 12. Be3 Qa5 13. Qc4 b3+ 14. c3 Rb8 15. O-O Be7 16. Qxb3 O-O 17. Qc4 Qc7 18. Bd4 Na5 19. Qd3 Bxe4 20. Qxe4 Rxb2 21. Rab1 Ra2 22. h4 Rxa4 23. h5 h6 24. Qe3 Rc8 25. Nd2 Bxc5 26. Ne4 Nc4 27. Qf4 Bxd4 28. cxd4 Nb6 29.
Nd6 Nd5 30. Qf3 Rf8 31. Rb7 Qc3 32. Qxc3 Nxc3 33. g3 Rxd4 34. Kg2 Rd5 35. Rc1 Ne2 36. Rcc7 Rxe5 37. Nxf7 Rxf7 38. Rxf7 Rg5 39. f4 Rc5 40. Rxg7+ Kf8 41. Rh7 Ke8 42. Rh8# 1-0

[Event "*** Titled Tuesday Blitz"]
[Site "Chess.com"]
[Date "2018.06.05"]
[Round "8"]
[White "Paralinch"]
[Black "Keranke"]
[Result "1-0"]
[WhiteElo "2839"]
[BlackElo "2736"]
[TimeControl "180+2"]
[EndTime "14:55:37 PDT"]
[Termination "Paralinch won on time"]

1. e4 g6 2. d4 Bg7 3. Nc3 d6 4. g3 a6 5. a4 b6 6. Bg2 Bb7 7. Nge2 Nd7 8. O-O c5 9. f4 cxd4 10. Nxd4 Rc8 11. Be3 Nc5 12. Qe2 Nf6 13. e5 dxe5 14.
fxe5 Nd5 15. Bxd5 Bxd5 16. Rad1 e6 17. b4 Nxa4 18. Nxd5 exd5 19. e6 O-O 20. exf7+ Rxf7 21. Rxf7 Kxf7 22. Qxa6 Nc3 23. Rf1+ Kg8 24. Ne6 Qe8 25. Nxg7 Qxe3+ 26. Kg2 Rd8 27. Qb7 Kh8 28. Qf7 Na4 29. Ne6 1-0

[Event "*** Titled Tuesday Blitz"]
[Site "Chess.com"]
[Date "2018.06.05"]
[Round "8"]
[White "JaimeSantosLatasa"]
[Black "wonderfultime"]
[Result "1-0"]
[WhiteElo "2668"]
[BlackElo "2836"]
[TimeControl "180+2"]
[EndTime "14:55:41 PDT"]
[Termination "JaimeSantosLatasa won by resignation"]

1. d4 d5 2. c4 c6 3. Nf3 Nf6 4. e3 Bf5 5. Nc3 e6 6. Nh4 Be4 7. f3 Bg6 8. Qb3 Qc7 9. Bd2 Be7 10. O-O-O Nbd7 11. cxd5 cxd5 12. Nxg6 hxg6 13. Kb1 a6 14. Rc1 Qb6 15. Qxb6 Nxb6 16. b3 Bd6 17. h3 O-O 18. g4 Rfe8 19. Kb2 Rad8 20. Bg2 e5 21. Ne2 Nbd7 22.
h4 e4 23. g5 exf3 24. Bxf3 Ne4 25. Ba5 b6 26. Be1 Nf8 27. Rc6 Re6 28. Rxb6 Nd7 29.
Rxa6 Ndc5 30. dxc5 Be5+ 31. Bc3 Bxc3+ 32. Nxc3 Rxa6 33.
Bxe4 dxe4 34. b4 Rd3 35. b5 Ra8 36. c6 Kf8 37. c7 Ke7 38. b6 Rd6 39. Ka1 1-0

[Event "*** Titled Tuesday Blitz"]
[Site "Chess.com"]
[Date "2018.06.05"]
[Round "8"]
[White "sergeikim"]
[Black "kungmongmanh"]
[Result "1-0"]
[WhiteElo "2377"]
[BlackElo "2326"]
[TimeControl "180+2"]
[EndTime "14:55:42 PDT"]
[Termination "sergeikim won by resignation"]

1. d4 Nf6 2. c4 e6 3. Nc3 Bb4 4. Qc2 O-O 5. a3 Bxc3+ 6. Qxc3 Ne4 7. Qc2 d5 8. Nf3 f5 9. g3 c6 10. Bg2 Bd7 11. O-O Be8 12. Ne5 Nd7 13. Nd3 Qb6 14.
c5 Qd8 15. b4 a5 16. Rb1 b5 17. Bf4 g5 18. Be5 Bh5 19. f3 Nef6 20. Qd2 Ne8 21. e4 fxe4 22. fxe4 Bg6 23. Rxf8+ Nxf8 24. Re1 axb4 25. Nxb4 Qd7 26. Qxg5 Rxa3 27. h4 Ng7 28. Qf6 Be8 29. Nxc6 Qf7 30. exd5 Qxf6 31. Bxf6 Rxg3 32.
Kh2 Rd3 33. Ne7+ Kf7 34. Rf1 Nf5 35. Nxf5 exf5 36. Rxf5 Kg6 37. Be4 Re3 38. h5+ Kf7 39. Bg5+ 1-0

[Event "*** Titled Tuesday Blitz"]
[Site "Chess.com"]
[Date "2018.06.05"]
[Round "8"]
[White "andrewtnb"]
[Black "Kimster98"]
[Result "1/2-1/2"]
[WhiteElo "2390"]
[BlackElo "2538"]
[TimeControl "180+2"]
[EndTime "14:55:49 PDT"]
[Termination "Game drawn by repetition"]

1. d4 Nf6 2. Nf3 d5 3. c4 e6 4.
Nc3 Be7 5. Bg5 Nbd7 6. e3 h6 7.
Bh4 O-O 8. Be2 c5 9. cxd5 Nxd5 10.
Bxe7 Nxe7 11. O-O b6 12. Qa4 cxd4 13. Nxd4 Nc5 14. Qc2 Bb7 15. Rfd1 Qb8 16. b4 Na6 17.
Qb3 Nc7 18. Rac1 Ncd5 19. Nxd5 Nxd5 20. Nc6 Bxc6 21. Rxc6 Rc8 22. Rxc8+ Qxc8 23. Bf3 a5 24. Bxd5 exd5 25. Qxd5 axb4 26. Qb3 Qc3 27. g3 g6 28. Rb1 Qxb3 29. Rxb3 Rxa2 30. Rxb4 Ra6 31. Rc4 Ra8 32. Rb4 Rb8 33. Kg2 h5 34. Kf3 Kf8 35. Ke4 Ke7 36. Kd5 Kd7 37. Rf4 Ke7 38. Kc6 Ke6 39. Re4+ Kf6 40.
Kc7 Ra8 41. Kxb6 Rc8 42. h4 Rc2 43. Rf4+ Kg7 44. Kb5 Kg8 45. Kb4 Kg7 46. Kb3 Rc1 47. Kb2 Rc7 48. Rd4 Kf6 49. Rf4+ Kg7 50. Kb3 Rc1 51.
Kb2 Rc7 52. Kb3 Rc1 1/2-1/2

[Event "*** Titled Tuesday Blitz"]
[Site "Chess.com"]
[Date "2018.06.05"]
[Round "8"]
[White "aqmarkin"]
[Black "Shivagami"]
[Result "1-0"]
[WhiteElo "2217"]
[BlackElo "2040"]
[TimeControl "180+2"]
[EndTime "14:55:50 PDT"]
[Termination "aqmarkin won by resignation"]

1. e4 Nc6 2. d4 e5 3. d5 Nce7 4. c4 Ng6 5. a3 Nf6 6. Nc3 a6 7.
Be2 Bc5 8. b4 Ba7 9. c5 d6 10. Be3 Nf4 11. Bf3 Ng4 12. Bxf4 Nxf2 13. Kxf2 exf4 14. Qd4 O-O 15. Nge2 Qe7 16. Na4 b5 17. cxb6 cxb6 18. Kf1 b5 19. Nb6 Qb7 20. Nxf4 Bxb6 21. Qd3 Qe7 22. Rc1 Qg5 23. Qd2 Bg4 24. Rc6 Bxf3 25. gxf3 Rab8 26. h4 Qh6 27. Rh2 Rfc8 28. Rg2 Qxh4 29. Qc3 Qh1+ 30. Ke2 Qxg2+ 31. Nxg2 Rd8 32. Ne3 g6 33. Ng4 f5 34. Nh6+ Kf8 35.
Qf6+ 1-0

[Event "*** Titled Tuesday Blitz"]
[Site "Chess.com"]
[Date "2018.06.05"]
[Round "8"]
[White "talento10"]
[Black "tigra"]
[Result "0-1"]
[WhiteElo "2195"]
[BlackElo "2719"]
[TimeControl "180+2"]
[EndTime "14:55:55 PDT"]
[Termination "tigra won on time"]

1. e4 d5 2. exd5 Qxd5 3. Nc3 Qf5 4. Nf3 Nf6 5. d4 c6 6. Bd3 Qh5 7. h3 Bg4 8. Be2 e6 9. O-O Bxf3 10. Bxf3 Qf5 11.
Ne2 Bd6 12. c4 Nbd7 13. Qb3 O-O-O 14. Be3 g5 15. Qa4 h5 16. Qxa7 g4 17. Bxc6 bxc6 18. Qa6+ Kc7 19. d5 Nb8 20. Bb6+ Kd7 21. Qb7+ Ke8 22. Bxd8 Kxd8 23. dxc6 Qe5 24. Ng3 Bc7 25. Rfd1+ Ke7 26. Re1 Qf4 27. Qb4+ Ke8 28. Rad1 h4 29.
Nf1 gxh3 30. Qd2 hxg2 31. Qxf4 gxf1=Q+ 32. Kxf1 Bxf4 33. b4 Nxc6 34. b5 Ne5 35. c5 h3 36.
c6 Nf3 0-1

[Event "*** Titled Tuesday Blitz"]
[Site "Chess.com"]
[Date "2018.06.05"]
[Round "8"]
[White "LornerAcosta"]
[Black "11kevin"]
[Result "1-0"]
[WhiteElo "2311"]
[BlackElo "2236"]
[TimeControl "180+2"]
[EndTime "14:55:59 PDT"]
[Termination "LornerAcosta won by checkmate"]

1. d4 Nf6 2. Nf3 e6 3. c3 b6 4. Bg5 Bb7 5. Nbd2 Be7 6. e3 O-O 7.
Bd3 d5 8. O-O c5 9. a4 h6 10. Bh4 a6 11. Re1 Ne4 12. Bg3 Nxg3 13. hxg3 Nc6 14. Bc2 Bf6 15. Qe2 Rc8 16. Nb3 Qe7 17. dxc5 bxc5 18. e4 c4 19. exd5 Nd8 20.
d6 Qxd6 21. Nbd2 Qc5 22. Ne4 Bxe4 23. Qxe4 g6 24. Red1 Nc6 25. Nd2 Na5 26. Qf3 Bg7 27. Ne4 Qf5 28. Qe2 Qe5 29. Kf1 Rb8 30. Rab1 Rb6 31. f4 Qc7 32. Rd2 Rfb8 33. Bd1 Qc6 34.
Rd6 Qc7 35. Rxb6 Qxb6 36. Bc2 Rd8 37. Nd2 Qc5 38. Nf3 Rd5 39. Be4 Rh5 40. Qf2 Qc7 41. Ke2 Rc5 42. Qe3 f5 43. Bc2 e5 44.
fxe5 Bxe5 45. Qxh6 Rc6 46. Rh1 Re6 47. Bxf5 Rf6 48. Qh8+ Kf7 49. Rh7# 1-0

[Event "*** Titled Tuesday Blitz"]
[Site "Chess.com"]
[Date "2018.06.05"]
[Round "8"]
[White "Ali_rastbod"]
[Black "WPWPWP-2015"]
[Result "0-1"]
[WhiteElo "2487"]
[BlackElo "2397"]
[TimeControl "180+2"]
[EndTime "14:55:59 PDT"]
[Termination "WPWPWP-2015 won by checkmate"]

1. Nf3 c5 2. g3 e6 3. Bg2 Nc6 4. O-O Qc7 5. d4 cxd4 6. Nxd4 a6 7. c4 Nf6 8. Nc3 Nxd4 9. Qxd4 Be7 10. Bf4 d6 11. Be3 O-O 12. Rac1 Bd7 13. Rfd1 Bc6 14.
Nd5 Qd8 15. Nxe7+ Qxe7 16. Bxc6 bxc6 17. Qxd6 Qb7 18. b3 a5 19. Rb1 h6 20. Qe5 Nd7 21.
Qf4 Rfd8 22. Rd6 Nf8 23. Rbd1 Rdc8 24. h4 a4 25. Qg4 axb3 26. axb3 f5 27. Qd4 Qxb3 28. g4 Ra4 29. Rc1 c5 30. Qf4 Ng6 31. Qg3 Rxc4 32. Rxc4 Qxc4 33. gxf5 Nxh4 34. f6 Nf5 35.
Qg6 Ra8 36. f7+ Kf8 37. Rxe6 Ra1+ 38. Kh2 Qh4+ 39. Kg2 Qh1# 0-1

[Event "*** Titled Tuesday Blitz"]
[Site "Chess.com"]
[Date "2018.06.05"]
[Round "8"]
[White "DSCC1"]
[Black "Muguet7"]
[Result "0-1"]
[WhiteElo "2142"]
[BlackElo "2342"]
[TimeControl "180+2"]
[EndTime "14:56:01 PDT"]
[Termination "Muguet7 won by resignation"]

1. d4 Nf6 2. Nf3 e6 3. Bf4 d5 4. e3 Bd6 5. Bg3 Ne4 6. Nbd2 Nxg3 7. hxg3 c5 8. c3 Nc6 9. Bd3 g6 10. dxc5 Bxc5 11. e4 d4 12. Nb3 dxc3 13. Nxc5 cxb2 14. Rb1 Qa5+ 15. Qd2 Qxc5 16. Rxb2 a6 17. O-O Ne5 18. Rc1 Nxf3+ 19. gxf3 Qe7 20. Qh6 Qf8 21. Qf4 Qg7 22. Rb6 e5 23. Qe3 O-O 24. Bc4 Rd8 25.
Bd5 Rb8 26. Rcb1 Rd7 27. Qc3 h6 28. Rxa6 Kh7 29. Rab6 f6 30. R1b5 Rc7 31. Qb2 h5 32. a4 h4 33. g4 Qh6 34. a5 Rc1+ 35. Kh2 Qf4+ 36. Kg2 h3+ 0-1

[Event "*** Titled Tuesday Blitz"]
[Site "Chess.com"]
[Date "2018.06.05"]
[Round "8"]
[White "Supernotar"]
[Black "VerdeNotte"]
[Result "1-0"]
[WhiteElo "2445"]
[BlackElo "2604"]
[TimeControl "180+2"]
[EndTime "14:56:03 PDT"]
[Termination "Supernotar won by resignation"]

1. d4 d5 2. c4 e6 3. e3 Nf6 4.
Nf3 Bb4+ 5. Nbd2 O-O 6. Bd3 dxc4 7. Bxc4 c5 8. O-O cxd4 9. Nxd4 b6 10. Qf3 Qc7 11. Qxa8 Bb7 12. Qxa7 Bxd2 13. Bxd2 Ng4 14. f4 Nc6 15. Qa4 Ra8 16. Qc2 Nxd4 17. exd4 Qc6 18. d5 Qc5+ 19. Kh1 Bxd5 20. Bb3 Nf2+ 21. Rxf2 Qxf2 22. Bxd5 exd5 23. Qd3 Qc5 24. Bc3 Qc6 25. Qd4 f6 26. a3 Ra4 27. Qd2 Rc4 28. Rd1 Rc5 29. h3 h6 30. Bb4 Rb5 31. a4 Rxb4 32.
Qxb4 Qc2 33. Rxd5 Qe2 34. Qd4 Qe6 35. Rd8+ Kh7 36. Qd3+ f5 37. Kh2 h5 38. Rd5 g6 39.
Re5 Qc6 40. Qd8 1-0

[Event "*** Titled Tuesday Blitz"]
[Site "Chess.com"]
[Date "2018.06.05"]
[Round "8"]
[White "nochewycandy"]
[Black "chesstatour"]
[Result "0-1"]
[WhiteElo "2118"]
[BlackElo "2075"]
[TimeControl "180+2"]
[EndTime "14:56:04 PDT"]
[Termination "chesstatour won by checkmate"]

1. e4 c6 2. Nc3 d5 3. Nf3 dxe4 4.
Nxe4 Nf6 5. Nxf6+ gxf6 6. d4 Bg4 7.
g3 h5 8. Bg2 h4 9. O-O e6 10.
Bf4 Bd6 11. Qd2 h3 12. Bh1 Qc7 13. Bxd6 Qxd6 14. Rfe1 Nd7 15. c3 O-O-O 16. Qe3 Kb8 17. a4 f5 18. Ne5 Nxe5 19. Qxe5 f4 20. a5 Rh5 21. Qxd6+ Rxd6 22. Re4 Rf5 23. f3 Bh5 24. g4 Rg5 25. Kf2 f5 26. Re5 Bg6 27. Rae1 Bf7 28. gxf5 Rxf5 29. Rxf5 exf5 30. Re7 Bc4 31. Re5 Re6 32.
Rxe6 Bxe6 33. Ke2 Bc4+ 34. Kd2 Kc7 35. Kc2 Kd6 36. b3 Bf1 37. Kd2 Bg2 38. Ke2 Bxh1 39. Kf2 Kd5 40. b4 Kc4 41. Ke2 a6 42. Kd2 Bxf3 43.
Kc2 Be4+ 44. Kb2 f3 45. b5 cxb5 46. Ka3 Bd5 47. Kb2 Kd3 48. Ka3 f2 49. Kb4 f1=Q 50. Ka3 Kd2 51. Kb4 Qc4+ 52. Ka3 Qb3# 0-1

[Event "*** Titled Tuesday Blitz"]
[Site "Chess.com"]
[Date "2018.06.05"]
[Round "8"]
[White "Jbd735"]
[Black "GoingKronos"]
[Result "0-1"]
[WhiteElo "2366"]
[BlackElo "2341"]
[TimeControl "180+2"]
[EndTime "14:56:04 PDT"]
[Termination "GoingKronos won on time"]

1. e4 e6 2. d4 d5 3. Nc3 Nf6 4. e5 Nfd7 5. f4 c5 6. Nf3 Nc6 7. Be3 cxd4 8. Nxd4 Bc5 9. Qd2 O-O 10. O-O-O a6 11.
Kb1 Nxd4 12. Bxd4 b5 13. Qe3 Qc7 14. Bd3 b4 15. Ne2 a5 16. Qh3 g6 17. Qe3 Ba6 18.
h4 Bxd3 19. cxd3 Rfc8 20. h5 Bxd4 21. Nxd4 Qb6 22. hxg6 fxg6 23. f5 exf5 24. Qh6 Nf8 25. Nxf5 Qc7 26. Ne3 Qxe5 27. Rdf1 Qg7 28. Qh3 Rc6 29.
Nxd5 Rac8 30. Nf6+ Kh8 31. Rf2 a4 32. Ne4 a3 33. Ng5 R6c7 34. Nf7+ Rxf7 0-1